 Dungeon Crawl Stone Soup version 0.30-a0-739-gea05faddec (webtiles) character file.

Game seed: 8280978951977962862

2977 Leeroy the Carver (level 9, -4/42 HPs)
             Began as a Vine Stalker Warper on Feb 4, 2023.
             Was a Believer of Uskayaw.
             Killed from afar by a gargoyle (17 damage)
             ... with a stone arrow
             ... on level 6 of the Dungeon.
             The game lasted 00:11:13 (4728 turns).

Leeroy the Carver (Vine Stalker Warper)             Turns: 4728, Time: 00:11:13

Health: -4/42      AC:  9    Str: 13    XL:     9   Next: 82%
Magic:  0/20       EV: 15    Int: 13    God:    Uskayaw [**....]
Gold:   140        SH:  0    Dex: 19    Spells: 7/22 levels left

rFire   . . .      SeeInvis .    x - +0 long sword (elec)
rCold   . . .      Faith    .    (no shield)
rNeg    . . .      Spirit   +    b - +0 leather armour
rPois   .          Reflect  .    t - +0 helmet
rElec   .          Harm     .    (no cloak)
rCorr   .          Rampage  .    l - +0 pair of gloves
Will    +....                    (no boots)
Stlth   +                        (no amulet)
HPRegen 1.07/turn                s - +4 ring of protection
MPRegen 0.17/turn                w - +4 ring of slaying

@: no status effects
A: fangs 3, regeneration 1, magic shield, antimagic bite, no potion heal 2
a: Renounce Religion, Stomp, Line Pass


You were on level 6 of the Dungeon.
You worshipped Uskayaw.
Uskayaw was noncommittal.
You visited 1 branch of the dungeon, and saw 6 of its levels.
You also visited: Sewer.

You collected 348 gold pieces.
You spent 208 gold pieces at shops.

Inventory:

Hand Weapons
 a - a +0 falchion
 x - a +0 long sword of electrocution (weapon)
 G - a +0 great sword
Missiles
 d - 6 boomerangs of dispersal
 i - a throwing net (quivered)
 r - 14 poisoned darts
 A - 6 boomerangs
Armour
 b - a +0 leather armour (worn)
 l - a +0 pair of gloves (worn)
 t - a +0 helmet (worn)
 B - a +2 chain mail of fire resistance
 L - a +0 cloak
Jewellery
 s - a +4 ring of protection (left hand)
 w - a +4 ring of slaying (right hand)
 y - a ring of resist corrosion
Wands
 J - a wand of flame (16)
 K - a wand of charming (9)
Scrolls
 c - 3 scrolls of blinking
 e - 4 scrolls of teleportation
 h - a scroll of immolation
 k - a scroll of torment
 o - 3 scrolls of fog
 q - 2 scrolls of poison
 z - a scroll of silence
 D - 2 scrolls of noise
 I - a scroll of amnesia {unknown}
Potions
 f - 5 potions of curing
 g - 3 potions of brilliance {unknown}
 j - a potion of degeneration {unknown}
 m - a potion of might {unknown}
 n - a potion of heal wounds {unknown}
 p - a potion of resistance {unknown}
 u - 2 potions of flight {unknown}
 v - a potion of ambrosia {unknown}
 C - 2 potions of magic {unknown}
 E - a potion of mutation {unknown}
 F - a potion of cancellation {unknown}
 H - a potion of invisibility {unknown}
 M - 2 potions of haste {unknown}


   Skills:
 - Level 1.7 Fighting
 - Level 8.2 Long Blades
 - Level 0.8 Throwing
 - Level 0.7 Armour
 + Level 6.4 Dodging
 - Level 7.2 Spellcasting
 - Level 3.0 Translocations


You had 7 spell levels left.
You knew the following spells:

 Your Spells              Type           Power      Damage    Failure   Level
a - Blink                 Tloc           24%        N/A       9%          2
b - Vhi's Electric Charg  Tloc/Air       16%        N/A       30%         3
c - Vampiric Draining     Necr           4%         2d6       50%         3
d - Manifold Assault      Tloc           12%        N/A       50%         4
e - Confusing Touch       Hex            4%         N/A       50%         3

Your spell library contained the following spells:

 Spells                   Type           Power      Damage    Failure   Level
 Lesser Beckoning         Tloc           24%        N/A       9%          2
 Momentum Strike          Conj/Tloc      16%        3d8       16%         2
 Teleport Other           Tloc           12%        N/A       17%         3
 Slow                     Hex            16%        N/A       19%         1
 Cigotuvi's Dreadful Rot  Necr/Pois/Air  8%         N/A       28%         2
 Inner Flame              Hex/Fire       4%         N/A       50%         3
 Ozocubu's Armour         Ice            4%         N/A       50%         3
 Cause Fear               Hex            2%         N/A       88%         4
 Dispel Undead            Necr           4%         3d7       88%         4
 Iskenderun's Battlesphe  Conj           4%         2d6       99%         5
 Death Channel            Necr           2%         N/A       100%        6
 Iron Shot                Conj/Erth      2%         9d2       100%        6
 Ozocubu's Refrigeration  Ice            2%         4d7       100%        7
 Spellforged Servitor     Conj/Summ      2%         N/A       100%        7
 Discord                  Hex            2%         N/A       100%        8


Dungeon Overview and Level Annotations

Branches:
Dungeon (6/15)             Temple (0/1) D:5           Sewer (visited)

Altars:
Dithmenos
Elyvilon
Kikubaaqudgha
Sif Muna
Uskayaw
The Shining One

Shops:
D:1 *   D:4 (*   D:6 (

Annotations:
D:2 1 runed translucent door, Crazy Yiuf
D:5 2 transporters, cowhearter's ghost, weakling GnDe
D:6 4 runed translucent doors


Innate Abilities, Weirdness & Mutations

You have razor-sharp teeth.
Your natural rate of healing is unusually fast.
When hurt, damage is shared between your health and your magic reserves.
Your bite disrupts and absorbs the magic of your enemies.
Potions cannot restore your health.


Message History

You slash the shadow imp!
You kill the shadow imp!
No target in view!
No target in view!
Things that are here:
a +0 long sword; a +0 robe; a scorpion corpse
C - 2 white potions (gained 1)
You see here 8 stones.
A gargoyle comes into view. It is wielding a +0 flail.
The gargoyle hurls a stone arrow at you.
The stone arrow hits you!
Found a cabochon ring.
The gargoyle hits you with a +0 flail!
You hit the gargoyle but do no damage.
The gargoyle hurls a stone arrow at you.
The stone arrow misses you.
You hit the gargoyle but do no damage. Your bite misses the gargoyle.
The gargoyle barely misses you.
You completely miss the gargoyle. You bite the gargoyle. You drain its power.
You feel invigorated.
The gargoyle is lightly damaged.
The gargoyle hurls a stone arrow at you.
The stone arrow hits you!
You slash the gargoyle!
You bite the gargoyle, but do no damage.
The gargoyle is heavily damaged.
The gargoyle hits you with a +0 flail!!
* * * LOW HITPOINT WARNING * * *
You can now pass through a line of other dancers.
You are too injured to fight recklessly!
You are too injured to fight recklessly!
You are too injured to fight recklessly!
Okay, then.
Throw: 2 throwing nets
Press: ? - help, Q - select action, (/) - cycle Shift-Dir - straight line, f - gargoyle
Aim: a gargoyle, wielding a +0 flail (heavily damaged, 78% to hit)
You throw a throwing net.
The throwing net completely misses the gargoyle.
The gargoyle hurls a stone arrow at you.
The stone arrow hits you!!
You die...

#..<.......####
#..........#...
#..........#..#
#............#.
............##..
.............#.#.
######..######...#..#
##....####...†##..#...
#.###@.##.##.#.#.#####
#.#.##9####..#.#......
#.##.#.##..###)#.#####
# #(#.##=##|##.#.#..##
#.##.).######.#.##...##
#..###'# #'###.....##
#.....######..........#
####.##8}$8##..........
#.#8....8#.......##.


You could see a gargoyle.

Vanquished Creatures
  A hornet (D:6)
  A troll (D:6)
  Grinder (D:4)
  Sigmund (D:2)
  Menkaure (D:4)
  5 ice beasts
  An ogre (D:5)
  A centaur (D:6)
  3 necrophages
  2 bullfrogs (D:6)
  4 scorpions
  2 wights (D:6)
  A howler monkey (D:5)
  5 hounds
  2 jellies
  A gnoll bouda (D:5)
  3 orc priests
  Jessica (D:2)
  3 iguanas
  2 orc wizards
  A hell rat (Sewer)
  6 gnolls
  5 adders
  4 river rats (Sewer)
  4 shadow imps (D:6)
  2 worms
  2 dart slugs
  21 orcs
  8 endoplasms
  4 giant cockroaches
  6 goblins
  5 hobgoblins
  4 jackals
  3 kobolds
  11 quokkas
  7 ball pythons
  4 bats
  3 frilled lizards (D:1)
  12 rats
153 creatures vanquished.

Vanquished Creatures (others)
  2 fungi (D:2)
2 creatures vanquished.

Grand Total: 155 creatures vanquished

Notes
Turn   | Place    | Note
-------+----------+-------------------------------------------
     0 | D:1      | Leeroy the Vine Stalker Warper began the quest for the Orb.
     0 | D:1      | Reached XP level 1. HP: 11/11 MP: 4/4
    32 | D:1      | Reached skill level 2 in Long Blades
   147 | D:1      | Found Apnacheng's Assorted Antiques.
   258 | D:1      | Reached XP level 2. HP: 8/15 MP: 3/6
   510 | D:1      | Reached skill level 3 in Long Blades
   570 | D:1      | Reached XP level 3. HP: 18/18 MP: 7/7
   978 | D:2      | Found a white marble altar of Elyvilon.
   994 | D:2      | Noticed Sigmund
  1036 | D:2      | Killed Sigmund
  1037 | D:2      | Reached skill level 5 in Long Blades
  1037 | D:2      | Gained mutation: Your natural rate of healing is unusually
                  | fast. [Vine Stalker growth]
  1037 | D:2      | Reached XP level 4. HP: 23/23 MP: 8/8
  1037 | D:2      | Reached XP level 5. HP: 26/26 MP: 9/9
  1228 | D:2      | Learned a level 2 spell: Blink
  1232 | D:2      | Learned a level 3 spell: Vhi's Electric Charge
  1236 | D:2      | Learned a level 3 spell: Vampiric Draining
  1291 | D:2      | Noticed Jessica
  1300 | D:2      | Killed Jessica
  1542 | D:2      | Found a runed translucent door.
  1543 | D:2      | Noticed Crazy Yiuf
  1598 | D:3      | Reached XP level 6. HP: 6/30 MP: 2/11
  2325 | D:3      | Found a glowing golden altar of the Shining One.
  2377 | D:4      | Noticed Grinder
  2381 | D:4      | Paralysed by Grinder for 5 turns
  2388 | D:4      | Killed Grinder
  2389 | D:4      | Reached skill level 5 in Spellcasting
  2389 | D:4      | Reached XP level 7. HP: 25/34 MP: 12/15
  2457 | D:4      | Noticed Menkaure
  2461 | D:4      | Killed Menkaure
  2475 | D:4      | Learned a level 4 spell: Manifold Assault
  2479 | D:4      | Learned a level 3 spell: Confusing Touch
  2683 | D:4      | Found Kostuec's Weapon Emporium.
  2702 | D:4      | Bought a +0 long sword of electrocution for 117 gold pieces
  2796 | D:4      | Found Louf Oll's Overcharged Wands.
  2969 | D:4      | Gained mutation: You have razor-sharp teeth. [Vine Stalker
                  | growth]
  2969 | D:4      | Reached XP level 8. HP: 38/38 MP: 19/19
  3145 | D:5      | Entered Level 5 of the Dungeon
  3166 | D:5      | Found a hide-covered altar of Uskayaw.
  3172 | D:5      | Became a worshipper of Uskayaw the Reveller
  3190 | D:5      | Reached * piety under Uskayaw
  3193 | D:5      | Reached ** piety under Uskayaw
  3201 | D:5      | Found an ancient bone altar of Kikubaaqudgha.
  3203 | D:5      | Reached *** piety under Uskayaw
  3205 | D:5      | Reached skill level 6 in Long Blades
  3283 | D:5      | Reached **** piety under Uskayaw
  3321 | D:5      | Found a transporter.
  3324 | D:5      | Noticed cowhearter's ghost (weakling GnDe)
  3326 | D:5      | Found a transporter.
  3328 | D:5      | Noticed a two-headed ogre
  3408 | D:5      | Reached skill level 7 in Long Blades
  3436 | D:5      | Found a shadowy altar of Dithmenos.
  3454 | D:5      | Found a glowing drain.
  3514 | D:5      | Found a staircase to the Ecumenical Temple.
  3546 | Sewer    | Entered a sewer
  3767 | D:5      | Found a shimmering blue altar of Sif Muna.
  3955 | D:5      | Reached skill level 8 in Long Blades
  4140 | D:6      | Found Plog's Weapon Emporium.
  4147 | D:6      | Bought a +0 great sword for 91 gold pieces
  4156 | D:6      | Reached XP level 9. HP: 42/42 MP: 20/20
  4321 | D:6      | Noticed a hornet
  4335 | D:6      | Reached ***** piety under Uskayaw
  4336 | D:6      | Killed a hornet
  4517 | D:6      | Found a large runed translucent door.
  4520 | D:6      | Found a large runed translucent door.
  4551 | D:6      | Noticed a troll
  4559 | D:6      | Reached skill level 5 in Dodging
  4562 | D:6      | Killed a troll
  4567 | D:6      | Reached ****** piety under Uskayaw
  4610 | D:6      | Found a large runed translucent door.
  4610 | D:6      | Found a large runed translucent door.
  4721 | D:6      | Noticed a gargoyle
  4728 | D:6      | Killed from afar by a gargoyle

Illustrated notes

Levels and vault maps discovered:
D:1:      doesnt_arrival_eight_statues, layout_basic, serial_shops,
          nicolae_diamond_shop, minmay_hexomino_p4
D:2:      layout_basic, basic_altar, uniq_jessica, uniq_sigmund,
          uniq_crazy_yiuf_cottage
D:3:      layout_loops_ring, tso_oasis_becter
D:4:      layout_loops_cross, serial_shops, shop,
          nicolae_shop_overcharged_wands, uniq_grinder, uniq_menkaure
D:5:      layout_layer_cave, mainiacjoe_overflow_chevrons, kennysheep_mini,
          mainiacjoe_overflow_big_doors, minmay_temple_entry_proselytizer,
          gammafunk_ghost_arena, gup_sewer_entry_pipe
D:6:      layout_rooms, serial_shops, nicolae_diamond_shop, st_stairs_10,
          minmay_hollow_rounded_squares

Skill      XL: |  1  2  3  4  5  6  7  8  9 |
---------------+----------------------------+-----
Long Blades    | 2 3 5 8 |  8.2
Spellcasting   | 5 7 |  7.2
Dodging        | 6 |  6.4
Fighting       | |  1.7
Throwing       | |  0.8
Armour         | |  0.7
Translocations | |  3.0

Action                     |  1- 3 |  4- 6 |  7- 9 || total
---------------------------+-------+-------+-------++-------
  Melee: Falchion          |    69 |   119 |    36 ||   224
         Bite              |    15 |    33 |    70 ||   118
         Punch             |       |     1 |     3 ||     4
         Long sword        |       |       |   221 ||   221
  Throw: Boomerang         |       |     1 |       ||     1
         Throwing net      |       |       |     2 ||     2
   Cast: Vhi's Electric Ch |       |       |     2 ||     2
         Confusing Touch   |       |       |     1 ||     1
         Blink             |       |       |     1 ||     1
    Use: Scroll            |       |       |     8 ||     8
         Potion            |       |       |     1 ||     1
   Stab: Sleeping          |     1 |       |     2 ||     3
         Confused          |       |       |     1 ||     1
         Paralysed         |       |       |    10 ||    10
 Armour: Leather armour    |    19 |    28 |    88 ||   135
  Dodge: Dodged            |    45 |    44 |   157 ||   246

Table legend: (Time is in decaauts)
 A = Elapsed time spent in this place.
 B = Non-inter-level travel time spent in this place.
 C = Inter-level travel time spent in this place.
 D = Time resting spent in this place.
 E = Time spent auto-exploring this place.
 F = Levels seen in this place.
 G = Mean time per level.
                   A        B        C        D        E       F      G
               +--------+--------+--------+--------+--------+-----+--------+
         Total |   4784 |   4542 |    242 |    136 |   3274 |   7 |  683.4 |
       Dungeon |   4648 |   4406 |    242 |    136 |   3221 |   6 |  774.7 |
         Sewer |    135 |    135 |      0 |      0 |     53 |   1 |  135.0 |
               +--------+--------+--------+--------+--------+-----+--------+

Top non-repeatable levels by time:
     D:1: 931 daAuts
     D:5: 880 daAuts
     D:3: 852 daAuts
     D:4: 718 daAuts
     D:2: 664 daAuts
     D:6: 601 daAuts
   Sewer: 135 daAuts
